 Dungeon Crawl Stone Soup version 0.27-a0-1202-ge72e49191c (webtiles) character file.

Game seed: 17160295080108543165

428 robertstho the Covert (level 7, -2/44 HPs)
             Began as a Kobold Delver on June 2, 2021.
             Slain by Sigmund
             ... wielding a +2 scythe of flaming
              (5 damage)
             ... on level 5 of the Dungeon.
             The game lasted 00:07:09 (6630 turns).

robertstho the Covert (Kobold Delver)               Turns: 6630, Time: 00:07:10

Health: -2/44      AC: 21    Str: 11    XL:     7   Next: 18%
Magic:  7/7        EV:  5    Int: 11    God:
Gold:   192        SH:  7    Dex: 17    Spells: 6/6 levels left

rFire    . . .     SeeInvis .   o - +1 short sword (protect)
rCold    . . .     Faith    .   a - +0 kite shield
rNeg     . . .     Spirit   .   f - +1 chain mail
rPois    .         Reflect  .   (no helmet)
rElec    .         Harm     .   (no cloak)
rCorr    .         Rampage  .   s - +0 pair of gloves
Will     .....                  (no boots)
Stlth    ++........             (no amulet)
HPRegen  0.14/turn              k - +4 ring of protection
MPRegen  0.10/turn              (no ring)

@: under a protective aura
A: small, no large weapons, nightstalker 3
a: no special abilities


You were on level 5 of the Dungeon.
You visited 1 branch of the dungeon, and saw 5 of its levels.
You also visited: Ossuary.

You collected 192 gold pieces.

Inventory:

Hand Weapons
 o - a +1 short sword of protection (weapon)
Missiles
 m - 13 bolts
Armour
 a - a +0 kite shield (worn)
 f - a +1 chain mail (worn)
 s - a +0 pair of gloves (worn)
Jewellery
 k - a +4 ring of protection (left hand)
Wands
 g - a wand of digging (3)
Scrolls
 c - 3 scrolls of fog
 d - a scroll of magic mapping
 e - a scroll of fear
 l - a scroll of silence {unknown}
 n - a scroll of enchant weapon
 t - a scroll of teleportation {unknown}
Potions
 i - a potion of berserk rage {unknown}
 j - a potion of flight {unknown}
 p - a potion of invisibility {unknown}
 q - a potion of cancellation {unknown}
 r - a potion of mutation {unknown}


   Skills:
 * Level 4.3 Fighting
 + Level 4.6 Short Blades
 * Level 2.1 Armour
 + Level 2.9 Dodging
 * Level 9.2 Stealth
 + Level 0.5 Shields


You had 6 spell levels left.
You didn't know any spells.
Your spell library contained the following spells:

 Spells                   Type           Power      Damage    Failure   Level
 Foxfire                  Conj/Fire      0%         2x1d4     100%        1
 Conjure Flame            Conj/Fire      0%         6-21      100%        3
 Inner Flame              Hex/Fire       0%         N/A       100%        3
 Sticky Flame             Conj/Fire      0%         2d3       100%        4
 Fireball                 Conj/Fire      0%         3d3       100%        5


Dungeon Overview and Level Annotations

Branches:
Dungeon (5/15)             Temple (0/1) D:4         Ossuary (visited)

Altars:

Annotations:
D:5 Sigmund


Innate Abilities, Weirdness & Mutations

You are small and have problems with some larger weapons.
You are completely attuned to the shadows.


Message History

Your weapon exudes an aura of protection.
Sigmund is heavily wounded.
Sigmund points at you and mumbles some strange words.
The magic dart hits you but does no damage.
You hit Sigmund.
Sigmund is heavily wounded.
You block Sigmund's attack.
You closely miss Sigmund.
Sigmund is heavily wounded.
You block Sigmund's attack.
You hit Sigmund.
Sigmund is heavily wounded.
Sigmund barely misses you.
Your chain mail prevents you from hitting Sigmund.
Sigmund is heavily wounded.
Sigmund barely misses you. You block Sigmund's attack.
You hit Sigmund.
Sigmund is severely wounded.
You block Sigmund's attack.
You closely miss Sigmund.
Sigmund is severely wounded.
Sigmund points at you and mumbles some strange words.
The puff of flame hits you but does no damage.
You hit Sigmund.
Sigmund is severely wounded.
Sigmund hits you but does no damage.
You hit Sigmund but do no damage.
Sigmund is severely wounded.
Sigmund hits you but does no damage.
You barely miss Sigmund.
Sigmund is severely wounded.
Sigmund hits you with a +2 scythe of flaming!!
Sigmund burns you.
You hit Sigmund.
Sigmund is almost dead.
You block Sigmund's attack.
Sigmund hits you with a +2 scythe of flaming!
* * * LOW HITPOINT WARNING * * *
Sigmund burns you.
You die...

..##.,.,,,* *,#,*#.#############
.......,,,* *,#.*#.##.o.......o.
.###...,,,****.#.##.##.##########
.......,,,,,,,......##.#
......#**,**##.....###.#
.###...,,,,,.....#.# #o# ##
*.##**,**##.###.# #.# # *,#
*,**#...##.###.# # *,*
*,,,...$@......# # *,*
****#..@##.##### ######## # *,*
##.#*#.# ###>...... # *,* #.* #.#
#......... # *,******* #.###.#
#.#.###### # *,,,,,..# #.....#
#.#.# #... # ******#.# ####..#
#.#.###.## # #.# #..# #.......# #
#.######..#####.#.#####


You could see Sigmund (strong).

Vanquished Creatures
  A sky beast (D:5)
  A wyvern zombie (D:5)
  A scorpion (D:4)
  A jelly (D:5)
  2 hound zombies (Ossuary)
  3 adders
  A white imp (D:5)
  An adder zombie (Ossuary)
  An adder skeleton (D:4)
  2 worms (D:3)
  2 dart slugs (D:1)
  10 orcs
  7 endoplasms
  8 giant cockroaches
  7 goblins
  9 hobgoblins
  4 jackals
  4 kobolds
  2 quokkas (D:1)
  8 ball pythons
  6 bats
  6 frilled lizards
  2 goblin zombies (Ossuary)
  A kobold zombie (Ossuary)
  2 quokka zombies (Ossuary)
  10 rats
102 creatures vanquished.

Vanquished Creatures (others)
  46 plants
46 creatures vanquished.

Grand Total: 148 creatures vanquished

Notes
Turn   | Place    | Note
-------+----------+-------------------------------------------
     0 | D:5      | robertstho the Kobold Delver began the quest for the Orb.
     0 | D:5      | Reached XP level 1. HP: 14/14 MP: 1/1
    19 | D:5      | Noticed a sky beast
    61 | D:5      | Reached skill level 7 in Stealth
    61 | D:5      | Reached XP level 2. HP: 19/19 MP: 2/2
    91 | D:5      | Reached XP level 3. HP: 6/23 MP: 3/3
   112 | D:5      | Found a sand-covered staircase.
   118 | Ossuary  | Entered an ossuary
   431 | Ossuary  | Reached XP level 4. HP: 26/28 MP: 4/4
   468 | Ossuary  | Reached skill level 8 in Stealth
   481 | Ossuary  | Reached skill level 1 in Armour
   493 | Ossuary  | HP: 1/29 [human zombie (5)]
   878 | D:5      | Noticed Sigmund
  1461 | D:2      | Reached XP level 5. HP: 31/33 MP: 5/5
  2450 | D:1      | Found a faded altar of an unknown god.
  2888 | D:1      | You fall into a shaft and drop 1 floor!
  4869 | D:4      | Reached skill level 9 in Stealth
  4869 | D:4      | Reached XP level 6. HP: 38/38 MP: 6/6
  5229 | D:4      | Found a staircase to the Ecumenical Temple.
  6005 | D:5      | Noticed a black bear
  6376 | D:5      | Killed a sky beast
  6377 | D:5      | Reached XP level 7. HP: 12/44 MP: 7/7
  6630 | D:5      | Slain by Sigmund

Illustrated notes

Levels and vault maps discovered:
D:1:      roderic_crop_circles_arrival_small, layout_loops_ring,
          ebering_ecumenical_altar_ruins, chequers_serial_rivers_large_b,
          hangedman_decor_points
D:2:      layout_loops_cross, minmay_misc_feat_square
D:3:      layout_loops_ring, chequers_decorated_corner, minmay_misc_feat_rugged
D:4:      layout_loops_corners, minmay_temple_entry_waves,
          guppyfry_early_lair_pool
D:5:      layout_loops_ring, nicolae_overflow_crystal_walls,
          nicolae_ossuary_entry_plus, kennysheep_potato, uniq_sigmund

Skill      XL: |  1  2  3  4  5  6 |
---------------+-------------------+-----
Stealth        | 7 8 9 |  9.2
Short Blades   | 3 4 |  4.6
Armour         | 1 2 |  2.1
Fighting       | 4 |  4.3
Dodging        | |  2.9
Shields        | |  0.5

Action                   |  1- 3 |  4- 6 |  7- 9 || total
-------------------------+-------+-------+-------++-------
Melee: Short sword       |    31 |   462 |    16 ||   509
  Use: Potion            |     1 |     2 |     1 ||     4
       Scroll            |     1 |     4 |       ||     5
 Stab: Sleeping          |     1 |    22 |       ||    23
       Distracted        |       |     2 |       ||     2
Armor: Leather armour    |     2 |       |       ||     2
       Chain mail        |     8 |   278 |     6 ||   292
       Skin              |       |    17 |       ||    17
Dodge: Dodged            |    14 |   107 |     4 ||   125
Block: Kite shield       |       |    67 |     6 ||    73

Table legend: (Time is in decaauts)
 A = Elapsed time spent in this place.
 B = Non-inter-level travel time spent in this place.
 C = Inter-level travel time spent in this place.
 D = Time resting spent in this place.
 E = Time spent auto-exploring this place.
 F = Levels seen in this place.
 G = Mean time per level.
                   A        B        C        D        E       F      G
               +--------+--------+--------+--------+--------+-----+--------+
         Total |   6697 |   6527 |    170 |   1552 |   3873 |   6 | 1116.2 |
       Dungeon |   6313 |   6143 |    170 |   1331 |   3797 |   5 | 1262.6 |
       Ossuary |    383 |    383 |      0 |    220 |     76 |   1 |  383.0 |
               +--------+--------+--------+--------+--------+-----+--------+

Top non-repeatable levels by time:
     D:4: 1732 daAuts
     D:3: 1340 daAuts
     D:1: 1236 daAuts
     D:5: 1213 daAuts
     D:2: 790 daAuts
 Ossuary: 383 daAuts
